 Dungeon Crawl Stone Soup version 0.28.0-53-g5a82cb258f (webtiles) character file.

Game seed: 3948367828319640637

67 issech the Skirmisher (level 3, -8/34 HPs)
             Began as a Minotaur Monk on June 8, 2022.
             Blown up by Ijyb (18 damage)
             ... with a mindburst bolt
             ... on level 3 of the Dungeon.
             The game lasted 00:03:36 (2852 turns).

issech the Skirmisher (Minotaur Monk)               Turns: 2852, Time: 00:03:37

Health: -8/34      AC:  2    Str: 15    XL:     3   Next: 98%
Magic:  2/2        EV: 13    Int:  7    God:
Gold:   125        SH:  0    Dex: 14    Spells: 2/2 levels left

rFire   . . .      SeeInvis .   a - +0 hand axe
rCold   . . .      Faith    .   (no shield)
rNeg    . . .      Spirit   .   b - +0 robe
rPois   .          Reflect  .   (helmet restricted)
rElec   .          Harm     .   (no cloak)
rCorr   .          Rampage  .   (no gloves)
Will    .....                   (no boots)
Stlth   ++........              (no amulet)
HPRegen 0.11/turn               (no ring)
MPRegen 0.08/turn               (no ring)

@: no status effects
A: horns 2, retaliatory headbutt
a: no special abilities


You were on level 3 of the Dungeon.
You visited 1 branch of the dungeon, and saw 3 of its levels.

You collected 125 gold pieces.

Inventory:

Hand Weapons
 a - a +0 hand axe (weapon)
 n - a +0 hunting sling
Missiles
 d - a stone (quivered)
 m - 2 poisoned darts
 r - 21 bolts
 t - 11 sling bullets
Armour
 b - a +0 robe (worn)
Scrolls
 e - a scroll of teleportation {unknown}
 f - a scroll of holy word {unknown}
 i - 3 scrolls of identify {unknown}
 k - a scroll of silence {unknown}
 p - 3 scrolls of vulnerability {unknown}
 q - a scroll of enchant armour {unknown}
Potions
 c - a potion of cancellation {unknown}
 g - a potion of ambrosia {unknown}
 h - a potion of attraction {unknown}
 j - a potion of curing {unknown}
 l - 2 potions of heal wounds {unknown}
 o - a potion of resistance {unknown}
 s - a potion of invisibility {unknown}
 u - a potion of mutation {unknown}


   Skills:
 + Level 4.6 Fighting
 + Level 4.4 Axes
 + Level 0.1 Throwing
 + Level 3.8 Dodging
 + Level 1.9 Stealth


You had 2 spell levels left.
You didn't know any spells.
Your spell library contained the following spells:

 Spells                   Type           Power      Damage    Failure   Level
 Passage of Golubria      Tloc           0%         N/A       99%         4
 Silence                  Hex/Air        0%         N/A       100%        5
 Lehudib's Crystal Spear  Conj/Erth      0%         10d2      100%        8


Dungeon Overview and Level Annotations

Branches:
Dungeon (3/15)

Altars:
Gozag

Annotations:
D:3 Ijyb


Innate Abilities, Weirdness & Mutations

You have a pair of horns on your head.
You reflexively headbutt those who attack you in melee.


Message History

The orc wizard is moderately wounded.
You hit the orc. You barely miss something. Something hits you.
Ijyb the Twisted Goblin comes into view.
She is wielding a +1 dagger of holy wrath and carrying a wand of mindburst (14).
The orc wizard hits you with a +0 dagger.
The orc closely misses you.
You completely miss the orc wizard.
The orc wizard is moderately wounded.
You hit something but do no damage. You hit the orc but do no damage.
Something hits you.
Ijyb drinks a potion.
Ijyb seems to speed up.
The orc wizard barely misses you. The orc hits you with a +0 flail.
You closely miss the orc wizard.
The orc wizard is lightly wounded.
You barely miss the orc. You barely miss something. Something hits you.
The orc wizard barely misses you. The orc closely misses you.
You completely miss the orc wizard.
The orc wizard is lightly wounded.
You hit the orc. You closely miss something.
Something hits you but does no damage.
The orc wizard points at you and mumbles some strange words.
The puff of flame hits you!
* * * LOW HITPOINT WARNING * * *
The orc barely misses you.
You completely miss the orc wizard.
The orc wizard is lightly wounded.
You hit the orc.
You kill the orc!
You barely miss the orc.
The orc wizard hits you with a +0 dagger.
* * * LOW HITPOINT WARNING * * *
The orc wizard hits you but does no damage.
Ijyb screams, "Me stronger than you!" The orc wizard closely misses you.
You furiously retaliate!
You headbutt the orc wizard.
The orc wizard mumbles some strange words.
The orc wizard flickers and vanishes!
You see here a rat corpse.
There is an escape hatch in the ceiling here.
Ijyb zaps a wand.
Your mind is blasted!
Ouch! That really hurt!
You die...

# #.. .##.## #
....######.##.
##..#.........
##...#.<...#
#.#........#
#...#.....#
#..##.....#
#@#########
##.###### #.o.....#
#. # #g.####.# ###.
.
#..####.###......#.
#..................
#.####g##########..
#.####.###### #..
#...........#####o)


You could see Ijyb (fast) and an orc.

Vanquished Creatures
  3 adders (D:2)
  An orc (D:3)
  3 endoplasms
  2 giant cockroaches
  6 goblins
  4 hobgoblins
  6 quokkas
  4 ball pythons (D:2)
  A frilled lizard (D:3)
  A kobold (D:1)
  5 rats
36 creatures vanquished.

Notes
Turn   | Place    | Note
-------+----------+-------------------------------------------
     0 | D:1      | issech the Minotaur Monk began the quest for the Orb.
     0 | D:1      | Reached XP level 1. HP: 19/19 MP: 0/0
   791 | D:1      | Reached XP level 2. HP: 27/27 MP: 1/1
  1498 | D:2      | Found a faded altar of an unknown god.
  1578 | D:2      | Reached XP level 3. HP: 33/33 MP: 2/2
  2255 | D:2      | Found an opulent altar of Gozag.
  2819 | D:3      | Noticed Ijyb
  2852 | D:3      | Blown up by Ijyb

Illustrated notes

Levels and vault maps discovered:
D:1:      onia_arrival_pentagram, layout_basic
D:2:      layout_basic, shapermc_ecumenical_altar_venn, basic_altar
D:3:      layout_loops_cross, nicolae_overflow_hidden_temple,
          amcnicky_mini_corridor_feature, chequers_jeans,
          kennysheep_generic_room_15, uniq_ijyb

Skill      XL: |  1  2  3 |
---------------+----------+-----
Fighting       | 4 |  4.6
Axes           | 4 |  4.4
Throwing       | |  0.1
Dodging        | |  3.8
Stealth        | |  1.9

Action                   || total
-------------------------++-------
Melee: Hand axe          ||    82
       Headbutt          ||    11
       Punch             ||     1
Throw: Stone             ||     4
 Stab: Sleeping          ||     7
Armor: Robe              ||    12
Dodge: Dodged            ||    48
